 Dungeon Crawl Stone Soup version 0.26.1-11-gd32895ea62 (webtiles) character file.

Game seed: 3090311107579917624

306774 dtburroughs the Warrior (level 20, -8/191 HPs)
             Began as a Minotaur Berserker on May 21, 2021.
             Was a High Priest of Trog.
             Killed from afar by a frost giant (52 damage)
             ... with a bolt of cold
             ... on level 4 of the Shoals on May 28, 2021.
             The game lasted 06:00:11 (63728 turns).

dtburroughs the Warrior (Minotaur Berserker)       Turns: 63728, Time: 06:00:11

Health: -8/191     AC: 30    Str: 31    XL:     20   Next: 65%
Magic:  10/10      EV: 12    Int:  7    God:    Trog [*****.]
Gold:   3786       SH: 22    Dex: 11    Spells: 19/19 levels left

rFire    + + +     SeeInvis .   H - +9 broad axe (flame)
rCold    x . .     Faith    +   V - +0 tower shield {reflect}
rNeg     + . .     Spirit   .   j - +2 crystal plate armour of Indomitability {*Corrode +Blink Str+4}
rPois    +         Reflect  +   y - +1 hat
rElec    .         Harm     .   s - scarf {repulsion}
rCorr    .         Rampage  .   O - +0 pair of gloves
Will     ++...                  S - +2 pair of boots {Stlth+}
Stlth    ..........             X - amulet of Balance {Faith rF++ rN+ MP-9 Stlth+}
HPRegen  0.41/turn              l - ring of poison resistance
MPRegen  0.12/turn              J - ring of Lepyiwyps {Fire Will+}

@: lethally poisoned (-8 -> -8), corroded, repel missiles, very slow
A: retaliatory headbutt, horns 2
}: 1/15 runes: serpentine
a: Renounce Religion, Evoke Blink, Berserk, Trog's Hand, Brothers in Arms


You were on level 4 of the Shoals.
You worshipped Trog.
Trog was extremely pleased with you.
You visited 6 branches of the dungeon, and saw 35 of its levels.
You also visited: Trove.

You collected 3905 gold pieces.
You spent 119 gold pieces at shops.

Inventory:

Hand Weapons
 m - a +2 battleaxe of freezing
 t - a +3 executioner's axe of flaming
 H - a +9 broad axe of flaming (weapon)
Armour
 j - the +2 crystal plate armour of Indomitability (worn) {*Corrode +Blink Str+4}
   (You acquired it on level 1 of the Lair of Beasts)

   It affects your strength (+4).
   It lets you blink.
   It may corrode you when you take damage.
 s - a scarf of repulsion (worn)
 y - a +1 hat (worn)
 B - a +0 cloak
 O - a +0 pair of gloves (worn)
 S - a +2 pair of boots of stealth (worn)
 V - a +0 tower shield of reflection (worn)
 Y - +3 storm dragon scales {Bai Suzhen}
Jewellery
 l - a ring of poison resistance (left hand)
 I - an uncursed ring of resist corrosion
 J - the ring of Lepyiwyps (right hand) {Fire Will+}
   (You found it in a treasure trove)

   [ring of fire]

   It enhances your fire magic.
   It protects you from fire.
   It makes you vulnerable to cold.
   It affects your willpower, your defense against some magical effects.
 L - an uncursed ring of flight
 X - the amulet of Balance (around neck) {Faith rF++ rN+ MP-9 Stlth+}
   (You found it in a treasure trove)

   [amulet of faith]

   It allows you to gain divine favour quickly.
   It greatly protects you from fire.
   It protects you from negative energy.
   It affects your magic capacity (-9).
   It makes you more stealthy.
Wands
 o - a wand of flame (27)
 v - a wand of polymorph (40)
 D - a wand of enslavement (9)
 G - a wand of disintegration (5)
 N - a wand of iceblast (6)
 P - a wand of digging (11)
 W - a wand of random effects (31)
Scrolls
 b - 5 scrolls of magic mapping
 c - 9 scrolls of remove curse
 d - 3 scrolls of identify
 e - 6 scrolls of immolation
 h - a scroll of holy word {unknown}
 i - 2 scrolls of blinking
 k - 20 scrolls of teleportation
 r - 9 scrolls of fog
 E - a scroll of brand weapon
 R - a scroll of enchant armour
 U - a scroll of silence
 Z - 6 scrolls of summoning
Potions
 f - 6 potions of attraction
 g - 2 potions of resistance
 n - 10 potions of lignification
 p - 7 potions of curing
 q - 5 potions of mutation
 w - 4 potions of magic
 x - 10 potions of flight
 z - 3 potions of haste
 A - 8 potions of might
 K - a potion of experience {unknown}
 M - 13 potions of ambrosia
 Q - a potion of cancellation {unknown}
Miscellaneous
 a - a lightning rod (4/4)
 u - a box of beasts (inert)
 C - a condenser vane (inert)
 F - a tin of tremorstones (2/2)


   Skills:
 + Level 19.0 Fighting
 + Level 18.9 Axes
 + Level 18.7 Armour
 + Level 17.4 Dodging
 - Level 15.0 Shields
 + Level 14.0 Evocations


You had 19 spell levels left.
You didn't know any spells.
Your spell library was empty.

Dungeon Overview and Level Annotations

Branches:
Dungeon (15/15)            Temple (0/1) D:5            Lair (6/6) D:10
 Shoals (4/4) Lair:2        Snake (4/4) Lair:3        Slime (0/5) Lair:5
    Orc (2/2) D:9             Elf (0/3) Orc:2        Vaults (4/5) D:14
  Crypt (0/3) Vaults:2     Depths (0/5) D:15

Altars:
Fedhas
Kikubaaqudgha
Makhleb
Qazlal
Ru
Vehumet
Xom
The Shining One
Jiyva

Shops:
D:7 }   D:9 [   D:11 :   Orc:1 !(*[(   Orc:2 **[[*   Shoals:1 (   Shoals:3 *
Snake:4 =*:[   Vaults:3 [

Annotations:
D:5 1 runed translucent door, hawla's ghost, novice DECj
D:14 1 runed translucent door, Luit's ghost, journeyman DrAE
Lair:1 3 runed translucent doors, Contigo's ghost, journeyman MiBe
Vaults:3 2 runed translucent doors, pcat's ghost, adept DEEE


Innate Abilities, Weirdness & Mutations

You reflexively headbutt those who attack you in melee.
You have a pair of horns on your head.


Message History

You swap places.
You feel sick.
The merfolk impaler hits you but does no damage.
Your troll bites the frost giant but does no damage.
Your troll claws the frost giant but does no damage.
Your troll claws the frost giant.
You block the merfolk impaler's attack. The frost giant casts a spell at you.
The bolt of cold hits you!!!
You feel a terrible chill!
The merfolk javelineer throws a silver javelin.
The silver javelin pierces through you!
You hear a splash.
You block the merfolk impaler's attack.
The snapping turtle bites you from afar!
* * * LOW HITPOINT WARNING * * *
The merfolk impaler closely misses you.
Your troll barely misses the frost giant.
Your troll claws the frost giant!
Your troll claws the frost giant.
The merfolk impaler hits you but does no damage.
The frost giant gestures at you while chanting.
The bolt of cold hits you!!!
You feel a terrible chill!
You die...

.....≈≈≈≈≈≈≈≈≈
≈≈≈≈..
....≈≈≈≈≈≈≈≈≈≈
≈≈≈≈≈.
...≈≈≈≈≈≈≈≈≈≈≈
≈≈≈≈≈≈ ...≈≈≈≈≈≈≈≈≈≈
≈≈≈≈≈≈
..≈≈≈≈≈≈≈≈≈≈≈.....≈
##.((≈(≈≈≈≈≈≈≈......
#.≈t≈≈≈≈≈≈≈........≈
##Tm≈≈≈^............
#≈C@○○○○......<.≈...
m
##mm≈≈≈≈........≈≈..


tC≈ #≈t≈≈≈≈(...........≈ #≈≈##≈≈≈≈≈≈........≈..≈ ###.≈≈≈(######........≈
#..≈≈≈(≈#######......≈≈ ....≈≈≈###..##.###.....≈ ≈≈≈≈≈≈≈ #..(≈...##......
≈≈≈≈≈≈. ##(#.#.###...... You could see a frost giant, 2 merfolk impalers, a
merfolk javelineer, 2 snapping turtles and a friendly troll (summoned, berserk).

Vanquished Creatures
  Vashnia (Snake:3)
  A tentacled monstrosity (Vaults:3)
  Kirke (Snake:3)
  A kraken (Shoals:2)
  Ilsuiw (Shoals:2)
  12 nagarajas
  Roxanne (Snake:3)
  15 vault wardens
  Aizul (Vaults:2)
  2 war gargoyles (Vaults:3)
  6 stone giants
  8 ironheart preservers
  A deep elf demonologist (Vaults:4)
  An entropy weaver (Vaults:3)
  3 deep elf annihilators
  2 merfolk javelineers (Shoals:2)
  3 ettins
  A deep elf death mage (Vaults:4)
  2 fire dragons
  Fannar (D:11)
  4 merfolk impalers
  2 great orbs of eyes
  16 naga warriors
  6 vault guards
  6 yaktaur captains
  3 ice dragons
  5 anacondas
  8 boulder beetles
  A death knight (Vaults:4)
  Erolcha (D:10)
  2 catoblepae (Lair:6)
  9 hydras
  16 ogre magi
  7 centaur warriors
  2 merfolk avatars
  44 two-headed ogres
  2 satyrs
  A dancing weapon (Vaults:3)
  11 death yaks
  An orc high priest (Orc:1)
  2 shock serpents (Snake:3)
  16 naga sharpshooters
  9 deep elf knights
  4 skeletal warriors (Vaults:2)
  2 salamander mystics
  11 sea snakes
  A deep troll (Vaults:3)
  A glowing orange brain (Vaults:1)
  2 flayed ghosts (Vaults:4)
  An unseen horror (shapeshifter) (Vaults:4)
  5 deep elf archers
  4 wizards
  9 ironbrand convokers
  2 phantasmal warriors
  4 naga ritualists
  5 unseen horrors
  A lindwurm (shapeshifter) (Vaults:4)
  12 orc knights
  31 harpies
  A tengu zombie (Vaults:4)
  An orc sorcerer (Vaults:2)
  4 mana vipers
  5 necromancers
  11 fauns
  A salamander (shapeshifter) (D:15)
  21 ugly things
  2 tengu skeletons (Vaults:3)
  7 wolf spiders
  18 deep elf magi
  7 manticores
  14 salamanders
  10 cyclopes
  A sphinx skeleton (Vaults:3)
  3 elephants
  2 fire giant skeletons
  A moth of wrath (D:11)
  2 stone giant skeletons (Vaults:2)
  9 merfolk sirens
  Maurice (D:13)
  5 guardian serpents
  2 frost giant skeletons (Vaults:2)
  4 vault sentinels
  2 water nymphs
  A torpor snail (Lair:6)
  23 black mambas
  2 gargoyles
  Maggie (D:9)
  11 cane toads
  A yaktaur zombie (Vaults:3)
  10 naga magi
  2 centaur skeletons
  A cane toad (shapeshifter) (Vaults:1)
  4 freezing wraiths (Vaults:4)
  25 yaktaurs
  6 komodo dragons
  5 rime drakes
  A tengu conjurer (D:14)
  9 merfolk
  4 trolls
  2 yaktaur skeletons (Vaults:3)
  7 human skeletons
  A queen bee (shapeshifter) (Vaults:3)
  A meliai (shapeshifter) (Vaults:1)
  A queen bee (Lair:1)
  2 polar bears
  2 hornets
  A polar bear (shapeshifter) (Vaults:3)
  A wind drake (shapeshifter) (Vaults:3)
  3 slime creatures (D:12)
  A blink frog (shapeshifter) (Vaults:3)
  Grinder (D:5)
  A tengu simulacrum (Vaults:4)
  5 wind drakes
  6 dream sheep
  8 blink frogs
  An ettin zombie (Vaults:3)
  5 snapping turtles
  An ettin skeleton (Vaults:2)
  A shadow (D:12)
  4 wraiths
  A redback (Vaults:3)
  A tarantella (shapeshifter) (Vaults:1)
  Eustachio (D:5)
  92 yaks
  3 wyverns
  4 water elementals
  A vampire (D:14)
  A basilisk (Lair:1)
  A golden eye (shapeshifter) (D:14)
  2 hogs
  A vampire mosquito (D:12)
  2 steam dragons
  A yaktaur simulacrum (Vaults:3)
  A soldier ant (D:13)
  60 nagas
  5 wargs
  11 water moccasins
  31 orc warriors
  Duvessa (D:5)
  5 ice beasts
  10 sky beasts
  2 phantoms
  5 human zombies
  A necrophage (D:12)
  61 ogres
  An eye of draining (D:8)
  14 wolves
  11 boggarts
  An orc skeleton (Vaults:2)
  36 centaurs
  An elf skeleton (Vaults:2)
  A big kobold (D:11)
  25 bullfrogs
  Dowan (D:5)
  7 scorpions
  3 human simulacra
  49 killer bees
  11 wights
  An electric eel (Orc:1)
  4 bullfrog zombies
  3 centaur zombies
  10 hounds
  2 jellies
  25 orc priests
  2 bullfrog skeletons
  5 iguanas
  24 orc wizards
  10 worker ants
  A hound zombie (D:6)
  2 hound skeletons
  3 worker ant zombies
  A howler monkey skeleton (D:8)
  5 gnolls
  14 adders
  A shadow imp (D:8)
  7 white imps
  3 ufetubi
  An ooze (D:1)
  An adder skeleton (D:9)
  3 worms
  6 dart slugs
  5 leopard geckos
  A leopard gecko (shapeshifter) (Vaults:4)
  102 orcs
  2 ball pythons
  8 giant cockroaches
  9 goblins
  9 hobgoblins
  13 jackals
  5 quokkas
  9 bats
  7 frilled lizards
  10 kobolds
  A leopard gecko zombie (D:5)
  2 quokka skeletons
  10 rats
  A crawling corpse (Vaults:1)
  4 tentacles (Shoals:2)
1425 creatures vanquished.

Vanquished Creatures (collateral kills)
  Bai Suzhen (Shoals:3)
  Gastronok (D:11)
  A very ugly thing (Vaults:3)
  A stone giant (Vaults:3)
  An ironheart preserver (Vaults:1)
  A deep elf death mage (Vaults:1)
  A naga warrior (Snake:2)
  A catoblepas (Lair:6)
  6 two-headed ogres
  A death yak (Lair:5)
  A naga sharpshooter (Snake:3)
  Urug (Lair:2)
  Sonja (Lair:1)
  A salamander mystic (Snake:2)
  A wizard (D:12)
  A deep troll (Vaults:3)
  3 deep elf magi
  A manticore (D:12)
  A black mamba (Snake:4)
  A naga mage (Snake:4)
  A komodo dragon (Lair:2)
  A polar bear (shapeshifter) (Vaults:3)
  A slime creature (D:12)
  4 yaks (Lair:2)
  A basilisk (Lair:1)
  9 nagas
  An orc warrior (D:11)
  2 ogres
  2 orcs (D:11)
  A crawling corpse (Vaults:1)
50 creatures vanquished.

Vanquished Creatures (others)
  2 salamander mystics
  A naga ritualist (Snake:4)
  A necromancer (Vaults:3)
  A salamander (Snake:4)
  A naga mage (Snake:4)
  A human (Snake:3)
  A naga (Snake:3)
  An orc warrior (Vaults:3)
  A big kobold (D:8)
  2 bullfrogs (D:8)
  An adder (D:8)
  A giant cockroach (D:8)
  42 fungi
  101 plants
  5 tentacles (Shoals:2)
162 creatures vanquished.

Grand Total: 1637 creatures vanquished

Notes
Turn   | Place    | Note
-------+----------+-------------------------------------------
     0 | D:1      | dtburroughs the Minotaur Berserker began the quest for the
                  | Orb.
     0 | D:1      | Reached XP level 1. HP: 19/19 MP: 0/0
    85 | D:1      | Reached XP level 2. HP: 24/27 MP: 1/1
   469 | D:1      | Reached skill level 4 in Fighting
   625 | D:1      | Reached ** piety under Trog
   626 | D:1      | Reached XP level 3. HP: 33/33 MP: 2/2
  1290 | D:1      | HP: 1/33 [poisoned by a worker ant]
  1295 | D:1      | Reached XP level 4. HP: 5/41 MP: 3/3
  1826 | D:2      | Reached XP level 5. HP: 39/47 MP: 4/4
  2572 | D:3      | Reached *** piety under Trog
  2577 | D:3      | Reached skill level 5 in Fighting
  2600 | D:3      | Reached skill level 5 in Axes
  3257 | D:4      | Reached XP level 6. HP: 53/56 MP: 5/5
  3842 | D:4      | Found a radiant altar of Vehumet.
  4168 | D:4      | Reached skill level 5 in Armour
  4168 | D:4      | Reached XP level 7. HP: 39/62 MP: 6/6
  4293 | D:4      | Found a stormy altar of Qazlal.
  4293 | D:4      | Found a sacrificial altar of Ru.
  4368 | D:5      | Entered Level 5 of the Dungeon
  4390 | D:5      | Reached skill level 6 in Fighting
  4431 | D:5      | Reached skill level 5 in Dodging
  4957 | D:5      | Found a runed translucent door.
  4961 | D:5      | Noticed hawla's ghost (novice DECj)
  4963 | D:5      | Noticed Eustachio
  5001 | D:5      | Noticed Duvessa
  5006 | D:5      | Killed Eustachio
  5007 | D:5      | Reached XP level 8. HP: 52/71 MP: 7/7
  5007 | D:5      | Noticed Dowan
  5009 | D:5      | Reached **** piety under Trog
  5013 | D:5      | Killed Duvessa
  5014 | D:5      | Reached skill level 7 in Fighting
  5023 | D:5      | Killed Dowan
  5519 | D:5      | Noticed Grinder
  5535 | D:5      | Paralysed by Grinder for 2 turns
  5546 | D:5      | Killed Grinder
  5794 | D:5      | Found a staircase to the Ecumenical Temple.
  6570 | D:6      | Found a burning altar of Makhleb.
  7679 | D:7      | Reached XP level 9. HP: 81/81 MP: 8/8
  7706 | D:7      | Reached skill level 8 in Fighting
  7908 | D:7      | Paralysed by a hornet for 2 turns
  8278 | D:7      | Found Hiboh's Gadget Emporium.
  9049 | D:7      | Reached skill level 1 in Evocations
  9637 | D:8      | Reached skill level 9 in Fighting
  9867 | D:8      | Reached ***** piety under Trog
 10102 | D:8      | Reached XP level 10. HP: 88/91 MP: 9/9
 10339 | D:8      | Found a shimmering altar of Xom.
 10781 | D:9      | Found Zamepuy's Armour Boutique.
 10781 | D:9      | Found a staircase to the Orcish Mines.
 10781 | D:9      | Noticed a two-headed ogre
 10806 | D:8      | Killed a two-headed ogre
 10807 | D:8      | Reached skill level 1 in Shields
 11351 | D:9      | Found an ancient bone altar of Kikubaaqudgha.
 11733 | D:9      | Received a gift from Trog
 11767 | D:9      | Noticed Maggie
 11774 | D:9      | Killed Maggie
 11935 | D:9      | Reached skill level 10 in Fighting
 11947 | D:9      | Reached skill level 10 in Axes
 11994 | D:10     | Entered Level 10 of the Dungeon
 12037 | D:10     | Reached XP level 11. HP: 82/100 MP: 8/10
 12410 | D:10     | Noticed Erolcha
 12420 | D:10     | Killed Erolcha
 12421 | D:10     | Reached skill level 10 in Armour
 13071 | D:10     | Found a staircase to the Lair.
 13196 | D:10     | Reached skill level 5 in Shields
 13697 | D:11     | Reached skill level 5 in Evocations
 13799 | D:11     | Found Sesoah's Book Shoppe.
 13834 | D:11     | Got a flickering wooden ring
 13930 | D:11     | Noticed Fannar
 13966 | D:11     | Killed Fannar
 13967 | D:11     | Reached skill level 11 in Fighting
 13978 | D:11     | Identified the ring of Zaxer {MP+9 Int+3} (You found it on
                  | level 11 of the Dungeon)
 14087 | D:11     | Noticed Gastronok
 14164 | D:11     | Killed Gastronok
 14165 | D:11     | Reached skill level 10 in Dodging
 14165 | D:11     | Reached XP level 12. HP: 85/110 MP: 9/11
 14442 | D:11     | Received a gift from Trog
 14906 | Lair:1   | Entered Level 1 of the Lair of Beasts
 14906 | Lair:1   | Found a runed translucent gate.
 14906 | Lair:1   | Found a runed translucent gate.
 14906 | Lair:1   | Found a runed translucent gate.
 15359 | Lair:1   | Noticed an eight-headed hydra
 15376 | Lair:1   | Killed an eight-headed hydra
 15700 | Lair:1   | Noticed Sonja
 15762 | Lair:1   | Killed Sonja
 16052 | Lair:1   | Reached skill level 12 in Fighting
 16139 | Lair:1   | Noticed Contigo's ghost (journeyman MiBe)
 16142 | Lair:1   | Found a viscous altar of Jiyva.
 16560 | Lair:2   | Noticed Urug
 16577 | Lair:2   | Killed Urug
 16742 | Lair:2   | Found a staircase to the Shoals.
 16790 | Lair:2   | Noticed a five-headed hydra
 16798 | Lair:2   | Killed a five-headed hydra
 17913 | Lair:3   | Found a staircase to the Snake Pit.
 17913 | Lair:3   | You fall into a shaft and drop 2 floors!
 18113 | Lair:4   | Reached XP level 13. HP: 116/118 MP: 12/12
 18249 | Lair:4   | Received a gift from Trog
 20372 | Lair:5   | Found a viscous altar of Jiyva.
 20375 | Lair:5   | Found a staircase to the Slime Pits.
 20865 | Lair:6   | Entered Level 6 of the Lair of Beasts
 21021 | Lair:6   | Found a sacrificial altar of Ru.
 21387 | Lair:6   | Reached skill level 13 in Fighting
 22094 | Lair:5   | Reached XP level 14. HP: 105/129 MP: 11/13
 22597 | Lair:6   | Reached skill level 10 in Shields
 24799 | D:12     | Received a gift from Trog
 24816 | D:12     | Found a glowing golden altar of the Shining One.
 26920 | D:13     | Noticed Maurice
 26931 | D:13     | Killed Maurice
 26933 | D:13     | Reached skill level 14 in Fighting
 27016 | D:13     | Received a gift from Trog
 27464 | D:14     | Reached XP level 15. HP: 115/138 MP: 12/14
 28171 | D:14     | Found a runed translucent door.
 28172 | D:14     | Found a shimmering altar of Xom.
 28172 | D:14     | Noticed Luit's ghost (journeyman DrAE)
 28308 | D:14     | Found a sacrificial altar of Ru.
 28409 | D:14     | Found a blossoming altar of Fedhas.
 28955 | D:14     | Found a gate to the Vaults.
 29150 | D:15     | Entered Level 15 of the Dungeon
 30306 | D:15     | Found a staircase to the Depths.
 30737 | Orc:1    | Entered Level 1 of the Orcish Mines
 30737 | Orc:1    | Found Vype's Weapon Boutique.
 30777 | Orc:1    | Received a gift from Trog
 30942 | Orc:1    | Found Cuniwan's Armour Emporium.
 31134 | Orc:1    | Found Tuwuirurr's Antique Weapon Emporium.
 31256 | Orc:1    | Found Jics's General Store.
 31270 | Orc:1    | Bought a +0 tower shield of reflection for 119 gold pieces
 31332 | Orc:1    | Found Qixischay's Distillery.
 31543 | Orc:2    | Entered Level 2 of the Orcish Mines
 31576 | Orc:2    | Found a staircase to the Elven Halls.
 31728 | Orc:2    | Found Retegg's Retail Resort.
 32041 | Orc:2    | Reached skill level 10 in Evocations
 32052 | Orc:2    | Received a gift from Trog
 32196 | Orc:2    | Found Eshi's General Store.
 32197 | Orc:2    | Found Otsiovanni's Armour Boutique.
 32197 | Orc:2    | Found Tuugeuff's Assorted Antiques.
 32197 | Orc:2    | Found Bushraqe's Armour Boutique.
 33079 | Snake:1  | Entered Level 1 of the Snake Pit
 34623 | Snake:2  | Reached skill level 15 in Fighting
 34623 | Snake:2  | Reached XP level 16. HP: 138/149 MP: 13/15
 35351 | Snake:2  | Reached skill level 15 in Axes
 35564 | Snake:3  | Noticed Kirke
 36070 | Snake:3  | Killed Kirke
 36773 | Snake:3  | Noticed Vashnia
 36790 | Snake:3  | Reached skill level 15 in Armour
 38824 | Snake:3  | Noticed Roxanne
 39768 | Snake:3  | Killed Vashnia
 40020 | Snake:3  | Killed Roxanne
 40338 | Snake:4  | Entered Level 4 of the Snake Pit
 40575 | Snake:4  | Found Exukh's General Store.
 40813 | Snake:4  | Found Tocop's Book Shoppe.
 40815 | Snake:4  | Found Kaolu's Armour Shoppe.
 40816 | Snake:4  | Found Garph's Jewellery Shoppe.
 41238 | Snake:4  | Received a gift from Trog
 42643 | Snake:4  | Reached XP level 17. HP: 125/158 MP: 16/16
 42805 | Snake:4  | Identified the +7 hand axe of the Endless Expanse {venom,
                  | *Rage rElec rC+ Str+4}
 44218 | Snake:4  | Reached skill level 16 in Fighting
 46219 | Snake:4  | Got a serpentine rune of Zot
 46659 | Lair:1   | Identified 2 scrolls of acquirement
 47063 | Vaults:1 | Entered Level 1 of the Vaults
 47230 | Lair:1   | Acquired the amulet of Pusso {Reflect rPois Int+2 SH+5}
 47251 | Lair:1   | Acquired the +2 crystal plate armour of Indomitability
                  | {*Corrode +Blink Str+4}
 47899 | Vaults:1 | Paralysed by a yaktaur for 7 turns
 47939 | Vaults:1 | Reached skill level 15 in Dodging
 48914 | Vaults:1 | Reached XP level 18. HP: 168/168 MP: 17/17
 50566 | Vaults:1 | Received a gift from Trog
 51150 | Vaults:2 | Reached skill level 17 in Fighting
 51804 | Vaults:2 | Noticed Aizul
 51820 | Vaults:2 | Killed Aizul
 51821 | Vaults:2 | Reached skill level 15 in Shields
 52752 | Vaults:2 | Found a staircase to the Crypt.
 53524 | Vaults:3 | Reached XP level 19. HP: 151/177 MP: 18/18
 54602 | Vaults:3 | Reached ****** piety under Trog
 54749 | Vaults:3 | Noticed pcat's ghost (adept DEEE)
 54750 | Vaults:3 | Found a large runed translucent door.
 54750 | Vaults:3 | Found a large runed translucent door.
 54896 | Vaults:3 | Found Zomeil's Armour Shoppe.
 54929 | Vaults:3 | Reached skill level 18 in Fighting
 55638 | Vaults:4 | Received a gift from Trog
 56389 | Vaults:4 | Found a portal to a secret trove of treasure.
 56397 | Vaults:4 | You paid a toll of 6 potions of haste to enter a treasure
                  | trove
 56398 | Trove    | Entered a treasure trove
 56405 | Trove    | Got a sparkling zirconium amulet
 56407 | Trove    | Got a glittering bronze ring
 56430 | Trove    | Identified the ring "Goorghira" {rElec rN+ Int+8 Dex-3
                  | Slay-4} (You found it in a treasure trove)
 56443 | Trove    | Identified the amulet of Balance {Faith rF++ rN+ MP-9
                  | Stlth+} (You found it in a treasure trove)
 56473 | Trove    | Got a flickering copper ring
 56475 | Trove    | Identified the ring of Annefry {Str+6 Dex+3} (You found it
                  | in a treasure trove)
 56497 | Trove    | Got a smoking turquoise ring
 56499 | Trove    | Identified the ring of Lepyiwyps {Fire Will+} (You found it
                  | in a treasure trove)
 58081 | Vaults:4 | Reached XP level 20. HP: 189/189 MP: 10/19
 59207 | Shoals:1 | Entered Level 1 of the Shoals
 60290 | Shoals:1 | Found Dopnecif's Weapon Emporium.
 60750 | Shoals:2 | Noticed Ilsuiw
 61147 | Shoals:2 | Killed Ilsuiw
 62800 | Shoals:3 | Got a coiled platinum amulet
 62876 | Shoals:3 | Found Bujinwi's General Store.
 63100 | Shoals:3 | Noticed Bai Suzhen
 63161 | Shoals:3 | Killed Bai Suzhen
 63230 | Shoals:4 | Entered Level 4 of the Shoals
 63249 | Shoals:4 | Identified the amulet of Recklessness {Reflect rF+ rN+
                  | SH+5} (You found it on level 3 of the Shoals)
 63452 | Shoals:4 | Reached skill level 19 in Fighting
 63531 | Shoals:4 | Received a gift from Trog
 63728 | Shoals:4 | Killed from afar by a frost giant

Illustrated notes

Levels and vault maps discovered:
D:1:      nicolae_arrival_memento_mori, layout_basic, serial_bayou_lagoon_a
D:2:      layout_basic
D:3:      layout_loops_ring, minmay_misc_feat_four_crosses,
          grunt_decor_resistance
D:4:      layout_cave_pools, gammafunk_temple_overflow_wave,
          lemuel_crystal_altar, serial_bayou_pond_b
D:5:      layout_layer_cave, temple_doors_cd, ebering_ghost_sewer_d,
          uniq_eustachio, uniq_grinder, uniq_duvessa
D:6:      layout_basic, nicolae_overflow_crystal_walls, minivault_27,
          st_stairs_3, minmay_microvault
D:7:      layout_loops_ring, serial_shops, shop, sigmund_army
D:8:      layout_loops_cross, xom_confusion_cloud
D:9:      layout_roguey, overflow_temple_1_default, orc_david_3, uniq_maggie
D:10:     layout_irregular_city, lair_entry_dummy, uniq_erolcha
D:11:     layout_cave_pools, serial_shops, shop, uniq_gastronok, uniq_fannar
D:12:     minmay_chambers_of_sevens, layout_basic, basic_altar
D:13:     layout_stronghold, serial_column_ruins, column_ruins_grid_1,
          column_ruins_open_small_water, column_ruins_grid_3,
          column_ruins_open_tiny, uniq_maurice
D:14:     layout_irregular_city, grunt_vaults_entry_fortified,
          ebering_ghost_xom, nicolae_ru_the_path_less_chosen, fedhas_altar_2
D:15:     grunt_enter_depths_snipers, layout_small_grid,
          chequers_serial_rivers_micro_d
Lair:1:   layout_roguey [special_room_bee], gammafunk_ghost_ooze, st_stairs_5,
          infiniplex_staircase_pool_2, uniq_sonja
Lair:2:   layout_roguey, shoals_dummy_entry, special_room, wad_woods_03,
          uniq_urug
Lair:3:   layout_roguey, minmay_snake_entry_guardpost_medium, grunt_megastairs_3
Lair:4:   layout_loops_ring
Lair:5:   layout_regular_city, slime_altar_1, nicolae_lair_grove_arrangements,
          infiniplex_staircase_pool, lemuel_fruit_fields, grunt_megastairs_1,
          serial_bayou_shore_b
Lair:6:   evilmike_catoblepas_cave, layout_gridlike, lemuel_centaur_altar
Shoals:1: layout_shoals, serial_shops, shop, nicolae_shoals_this_corrosion
Shoals:2: layout_shoals, nicolae_shoals_cliffside_cave, uniq_ilsuiw
Shoals:3: layout_shoals, serial_shops, shop_fountains, uniq_bai_suzhen
Shoals:4: shoals_end_grunt_ice, layout_shoals,
          nicolae_shoals_siren_and_animal_friends
Snake:1:  layout_onion_interference, drop_trap, nicolae_snake_biting_tails
Snake:2:  layout_rooms
Snake:3:  layout_layer_cave, uniq_vashnia, uniq_kirke, uniq_roxanne
Snake:4:  minmay_snake_end_coiled, layout_misc_corridors,
          minmay_shop_grid_forest, grunt_ministairs_12
Orc:1:    layout_diamond_mine, serial_shops, shop, nicolae_shop_crystal, shop,
          shop, shop, nicolae_orc_flooded_monolith
Orc:2:    st_orc_ogre_mass, layout_caves, nicolae_alphabet_shops
Vaults:1: v_misc_1, nicolae_vaults_windows_and_doors_thing,
          nicolae_vaults_border_crossing, grunt_vaults_focal,
          hangedman_vaults_pinch, hangedman_vaults_trim,
          nicolae_vaults_twisting_passages, ontoclasm_vaults_shuriken,
          vaults_dpeg_encased_lava, layout_vaults_omnigrid
Vaults:2: v_rooms_4, nicolae_vaults_branching_niches,
          nicolae_vaults_circle_grid_b, ontoclasm_vaults_ligature,
          ontoclasm_vaults_ring_square, v_misc_9, nicolae_vaults_theta,
          v_alt_pattern_3, v_misc_10, nicolae_vaults_little_squares_3,
          minmay_crypt_entry_skeletal_spiral,
          hangedman_vaults_stretched_pinwheel, vaults_dpeg_doors,
          hangedman_vaults_trim, v_misc_25, vaults_dpeg_cross,
          hangedman_vaults_stagger, vaults_room_fours,
          ontoclasm_vaults_loading_screen, vaults_room_door_ring,
          layout_vaults_omnicross, uniq_aizul
Vaults:3: advil_vaults_ghost_guards, hangedman_vaults_locks, st_star, v_rooms_5,
          vaults_mumra_chevron_long, nicolae_vaults_little_squares_3,
          ontoclasm_vaults_tryst, hangedman_vaults_slice,
          ontoclasm_vaults_ring_large, ontoclasm_vaults_decontamination,
          grunt_vaults_funnel, dpeg_vaults_monster_box, layout_vaults_ring
Vaults:4: nicolae_vaults_murderbox, hangedman_vaults_nodes, v_misc_13,
          ontoclasm_vaults_claustrophobia, v_alt_pattern_2,
          nicolae_vaults_network_s, hangedman_vaults_nails,
          nicolae_vaults_rhombus_6, layout_vaults_big_room,
          nicolae_trove_entry_crystal

Skill      XL: |  1  2  3  4  5  6  7  8  9 10 11 12 13 14 15 16 17 18 19 20 |
---------------+-------------------------------------------------------------+-----
Fighting       | 4 5 6 7 9 10 11 12 13 14 15 16 17 18 19 | 19.0
Axes           | 4 5 6 7 9 10 11 12 13 14 15 16 17 18 | 18.9
Armour         | 3 4 5 6 7 8 9 10 11 12 13 14 15 16 17 18 | 18.7
Dodging        | 3 4 5 6 8 9 10 11 12 13 14 15 16 17 | 17.4
Evocations     | 2 4 5 6 8 9 10 11 12 13 14 | 14.0
Shields        | 3 6 8 9 11 12 13 14 15 | 15.0

Action                   |  1- 3 |  4- 6 |  7- 9 | 10-12 | 13-15 | 16-18 | 19-21 || total
-------------------------+-------+-------+-------+-------+-------+-------+-------++-------
Melee: Hand axe          |    86 |   164 |   264 |   553 |    12 |       |       ||  1079
       Headbutt          |    15 |    36 |    72 |   166 |   271 |   303 |   194 ||  1057
       War axe           |       |       |    60 |       |   131 |       |       ||   191
       Flail             |       |       |       |   158 |   220 |    47 |       ||   425
       Broad axe         |       |       |       |       |   757 |  1161 |   804 ||  2722
       Unarmed           |       |       |       |       |       |     2 |       ||     2
Invok: Trog's Hand       |     1 |       |     2 |     2 |    13 |    13 |    18 ||    49
       Berserk           |       |       |     1 |       |     1 |       |       ||     2
       Brothers in Arms  |       |       |       |     3 |     4 |    12 |     3 ||    22
Evoke: Wand              |       |       |     1 |    25 |    44 |    66 |    34 ||   170
       Tin of tremorston |       |       |       |     2 |       |     1 |       ||     3
       Box of beasts     |       |       |       |       |       |       |     1 ||     1
       Lightning rod     |       |       |       |       |       |       |     1 ||     1
       Condenser vane    |       |       |       |       |       |       |     1 ||     1
  Use: Potion            |     1 |       |       |     1 |     3 |     7 |     5 ||    17
       Scroll            |       |       |     5 |    11 |    13 |    22 |     6 ||    57
 Stab: Paralysed         |       |       |       |       |    33 |    12 |     4 ||    49
       Distracted        |       |       |       |       |     1 |       |       ||     1
Armor: Animal skin       |     4 |       |       |       |       |       |       ||     4
       Ring mail         |    27 |    63 |    44 |       |       |       |       ||   134
       Chain mail        |       |       |    96 |    16 |       |       |       ||   112
       Plate armour      |       |       |       |   155 |    52 |    11 |       ||   218
       Swamp dragon scal |       |       |       |    95 |   243 |   165 |       ||   503
       Crystal plate arm |       |       |       |       |       |   135 |   357 ||   492
       Skin              |       |       |       |       |       |     2 |       ||     2
Dodge: Dodged            |    46 |   120 |   228 |   222 |   360 |   355 |   210 ||  1541
Block: Tower shield      |       |       |       |   562 |   930 |  1283 |   770 ||  3545
       Reflection        |       |       |       |       |    14 |   265 |    94 ||   373
